 Dungeon Crawl Stone Soup version 0.31-a0-234-gad7ace16ef (webtiles) character file.

Game seed: 12039031966416097971

104 qw the Shooter (level 4, -9/36 HPs)
             Began as a Minotaur Hexslinger on July 9, 2023.
             Mangled by an iguana (10 damage)
             ... on level 3 of the Dungeon.
             The game lasted 00:00:51 (1800 turns).

qw the Shooter (Minotaur Hexslinger)                Turns: 1800, Time: 00:00:51

Health: -9/36      AC:  5    Str: 12    XL:     4   Next: 52%
Magic:  0/4        EV: 11    Int: 10    God:
Gold:   193        SH:  0    Dex: 15    Spells: 4/5 levels left

rFire   . . .        Y - +1 sling (flame)
rCold   . . .        (no shield)
rNeg    . . .        e - +0 ring mail
rPois   .            (helmet restricted)
rElec   .            (no cloak)
rCorr   .            (no gloves)
SInv    .            (no boots)
Will    .....        d - amulet of guardian spirit
Stlth   +            (no ring)
HPRegen 0.26/turn    (no ring)
MPRegen 0.09/turn

%: guardian spirit
@: no status effects
A: horns 2, retaliatory headbutt
a: no special abilities


You were on level 3 of the Dungeon.
You visited 1 branch of the dungeon, and saw 3 of its levels.

You collected 193 gold pieces.


Innate Abilities, Weirdness & Mutations

You have a pair of horns on your head.
You reflexively headbutt those who attack you in melee.


   Skills:
 - Level 2.0 Fighting
 + Level 4.8 Ranged Weapons
 - Level 1.3 Armour
 - Level 2.1 Dodging
 - Level 1.0 Spellcasting
 - Level 2.0 Hexes


You had 4 spell levels left.
You knew the following spells:

 Your Spells              Type           Power      Damage    Failure   Level
a - Slow                  Hex            16%        N/A       32%         1

Your spell library contained the following spells:

 Spells                   Type           Power      Damage    Failure   Level
 Inner Flame              Hex/Fire       2%         N/A       83%         3
 Portal Projectile        Hex/Tloc       4%         N/A       83%         3
 Cause Fear               Hex            2%         N/A       97%         4

Inventory:

Hand Weapons
 Y - a +1 sling of flaming (weapon)
Armour
 e - a +0 ring mail (worn)
Jewellery
 d - an amulet of guardian spirit (around neck)
Scrolls
 a - 2 scrolls of teleportation
 c - a scroll of immolation {unknown}
 g - a scroll of vulnerability {unknown}
 h - a scroll of identify
Potions
 b - a potion of mutation {unknown}
 f - a potion of curing

Dungeon Overview and Level Annotations

Branches:
Dungeon (3/15)

Altars:
Fedhas
Sif Muna


Message History

Enter note:
Enter note: You shoot a sling bullet.
The sling bullet hits the iguana.
The sling bullet burns the iguana.
The iguana is heavily wounded.
The iguana bites you but does no damage.
You shoot a sling bullet.
The sling bullet hits the iguana but does no damage.
The iguana is heavily wounded.
The iguana bites you!
You shoot a sling bullet. The sling bullet hits the iguana.
The sling bullet burns the iguana.
The iguana is severely wounded.
The iguana bites you. The iguana barely misses you.
You shoot a sling bullet.
The sling bullet closely misses the iguana.
The iguana bites you but does no damage.
You shoot a sling bullet.
The sling bullet barely misses the iguana.
The iguana bites you.
You shoot a sling bullet.
The sling bullet hits the iguana but does no damage.
The iguana is severely wounded.
The iguana bites you!
You shoot a sling bullet. The sling bullet hits the iguana.
The sling bullet burns the iguana.
The iguana is almost dead.
The iguana completely misses you.
The iguana bites you but does no damage.
You shoot a sling bullet.
The sling bullet closely misses the iguana.
The iguana barely misses you. You furiously retaliate!
You headbutt the iguana. You shoot a sling bullet.
The sling bullet barely misses the iguana.
The iguana bites you.
You shoot a sling bullet.
The sling bullet hits the iguana but does no damage.
The iguana is almost dead.
The iguana bites you! x2
You die...

.). #............#
#.... ..
#######...#### #....
###..######....
##..#.......#
##...#.###.# ####
#### ###.#...#.#
#.#.#...# #.#...#.#
##.#l.#..# #.....###
#.#.@###..# ##....##.
##..##.##..####..).#.
#..##...##..####...#.
#..)).)..##..%.(..<#.
#..##...##..#..###...
##..##.##..###...+.##
#.#..###..#.######.##
##.#..#..#.## ####
#%#.#...#.#.# #


You could see an iguana.

Vanquished Creatures
  3 adders
  2 orcs (D:3)
  2 ball pythons (D:1)
  5 endoplasms (D:1)
  2 giant cockroaches (D:1)
  9 goblins
  6 hobgoblins
  4 jackals (D:2)
  3 quokkas
  7 bats
  6 frilled lizards
  10 kobolds
  11 rats
70 creatures vanquished.

Notes
Turn   | Place    | Note
-------+----------+-------------------------------------------
     0 | D:1      | qw the Minotaur Hexslinger began the quest for the Orb.
     0 | D:1      | Reached XP level 1. HP: 16/16 MP: 1/1
     0 | D:1      | 0 ||| qw: Version: 0.3-a-51-g015441d
     0 | D:1      | 0 ||| qw: Game counter: 4279
     0 | D:1      | 0 ||| qw: Melee chars always use a shield: true
     0 | D:1      | 0 ||| qw: God list: Okawaru
     0 | D:1      | 0 ||| qw: Allow faded altars: false
     0 | D:1      | 0 ||| qw: Do Orc after clearing Dungeon:15 true
     0 | D:1      | 0 ||| qw: Do second Lair branch before Depths: true
     0 | D:1      | 0 ||| qw: Lair rune preference: random
     0 | D:1      | 0 ||| qw: Goals: Normal
     0 | D:1      | 0 ||| PLANNING D:1-11
   226 | D:1      | Reached skill level 3 in Ranged Weapons
   272 | D:1      | Reached XP level 2. HP: 18/23 MP: 2/2
   493 | D:1      | Reached XP level 3. HP: 29/29 MP: 3/3
   740 | D:1      | 740 ||| UPGRADING to +0 ring mail.
   750 | D:1      | 750 ||| DROPPING +0 robe.
   751 | D:1      | 751 ||| UPGRADING to amulet of guardian spirit.
   756 | D:1      | 756 ||| READING 3 scrolls labelled XIEROB VYSM.
   759 | D:1      | 759 ||| READING scroll labelled HETYAC RAHINA.
   760 | D:1      | 760 ||| READING scroll labelled DUL NOKHLOREM.
   761 | D:1      | 761 ||| DROPPING scroll of poison.
   770 | D:2      | 770 ||| STAIRDANCE
   823 | D:2      | Reached skill level 4 in Ranged Weapons
   981 | D:2      | Found a shimmering blue altar of Sif Muna.
   988 | D:2      | Reached skill level 1 in Armour
  1378 | D:2      | Reached XP level 4. HP: 32/36 MP: 4/4
  1425 | D:2      | 1425 ||| READING scroll labelled JEFRUL UCKOE.
  1426 | D:2      | 1426 ||| READING scroll labelled HEIVUC OLINOM.
  1427 | D:2      | 1427 ||| READING scroll labelled IROEXTUQAU.
  1428 | D:2      | 1428 ||| READING scroll labelled JEIRI PAASYDEZ.
  1429 | D:2      | 1429 ||| DRINKING 2 grey potions.
  1476 | D:3      | Found a blossoming altar of Fedhas.
  1499 | D:3      | 1499 ||| STAIRDANCE
  1800 | D:3      | HP: 1/36 [iguana (9)]
  1800 | D:3      | Mangled by an iguana

Levels and vault maps discovered:
D:1:      minmay_arrival_wavy_path, layout_basic, minmay_bisected
D:2:      minmay_wonky_spiral, layout_basic, basic_altar, hangedman_decor_push
D:3:      minmay_diamond_boxcup, layout_basic, nicolae_overflow_crystal_walls

Skill      XL: |  1  2  3 |
---------------+----------+-----
Ranged Weapons | 3 4 |  4.8
Fighting       | 2 |  2.0
Armour         | 1 |  1.3
Dodging        | |  2.1
Spellcasting   | |  1.0
Hexes          | |  2.0

Action                     |  1- 3 |  4- 6 || total
---------------------------+-------+-------++-------
   Fire: Sling             |   132 |    65 ||   197
    Use: Scroll            |     3 |     4 ||     7
         Potion            |       |     1 ||     1
 Armour: Robe              |     2 |       ||     2
         Ring mail         |    14 |    10 ||    24
  Dodge: Dodged            |    42 |    22 ||    64

Table legend:
 A = Non-vault XP
 B = Vault XP
 C = Vault XP percentage of total XP
 D = Non-vault monster count
 E = Vault monster count
 F = Vault count percentage of total count
                 A         B        C        D         E       F
            +---------+---------+-------+---------+---------+-------
      Total |     112 |      37 |  24.8 |      56 |      14 |  20.0
            +---------+---------+-------+---------+---------+-------
        D:1 |      44 |       6 |  12.0 |      29 |       3 |   9.4
        D:2 |      42 |      19 |  31.1 |      18 |       4 |  18.2
        D:3 |      26 |      12 |  31.6 |       9 |       7 |  43.8
            +---------+---------+-------+---------+---------+-------
